 Dungeon Crawl Stone Soup version 0.28-a0-773-g130ae17fe5 (webtiles) character file.

Game seed: 17072971239275669696

44 blank1 the Skirmisher (level 3, 0/33 HPs)
             Began as a Minotaur Fighter on Nov 2, 2021.
             Killed from afar by Sigmund (3 damage)
             ... with a puff of flame
             ... on level 2 of the Dungeon.
             The game lasted 00:01:25 (1291 turns).

blank1 the Skirmisher (Minotaur Fighter)            Turns: 1291, Time: 00:01:25

Health: 0/33       AC:  8    Str: 21    XL:     3   Next: 41%
Magic:  0/2        EV: 10    Int:  5    God:
Gold:   86         SH:  4    Dex:  9    Spells: 2/2 levels left

rFire   . . .      SeeInvis .   a - +0 flail
rCold   . . .      Faith    .   c - +0 buckler
rNeg    . . .      Spirit   .   b - +0 scale mail
rPois   .          Reflect  .   (helmet restricted)
rElec   .          Harm     .   i - +0 cloak
rCorr   .          Rampage  .   (no gloves)
Will    .....                   (no boots)
Stlth   ..........              (no amulet)
HPRegen 0.11/turn               (no ring)
MPRegen 0.08/turn               (no ring)

@: mighty
A: horns 2, retaliatory headbutt
a: no special abilities


You were on level 2 of the Dungeon.
You visited 1 branch of the dungeon, and saw 2 of its levels.

You collected 86 gold pieces.

Inventory:

Hand Weapons
 a - a +0 flail (weapon)
Armour
 b - a +0 scale mail (worn)
 c - a +0 buckler (worn)
 i - a +0 cloak (worn)
Scrolls
 e - a scroll of silence {unknown}
 h - 2 scrolls of identify {unknown}
Potions
 f - a potion of lignification {unknown}
 g - 2 potions of brilliance {unknown}


   Skills:
 - Level 4.0 Fighting
 + Level 3.3 Maces & Flails
 - Level 4.0 Armour
 + Level 1.3 Dodging
 - Level 4.0 Shields


You had 2 spell levels left.
You didn't know any spells.
Your spell library was empty.

Dungeon Overview and Level Annotations

Branches:
Dungeon (2/15)

Altars:

Annotations:
D:2 Sigmund


Innate Abilities, Weirdness & Mutations

You have a pair of horns on your head.
You reflexively headbutt those who attack you in melee.


Message History

You feel very mighty all of a sudden. Sigmund gestures at you while chanting.
You are confused.
An adder comes into view.
The adder hisses angrily.
Sigmund zaps a wand.
The puff of flame hits you!
Sigmund zaps a wand.
The puff of flame hits you.
Sigmund points at you and mumbles some strange words.
You are more confused.
You bump into the stone wall.
Sigmund casts a spell.
Sigmund flickers and vanishes!
Deactivating autopickup; reactivate with Ctrl-A.
You closely miss the adder. Your headbutt misses the adder.
The adder bites you but does no damage. x2
You bump into the closed door.
The adder bites you but does no damage.
You hear a zap.
A puff of flame appears from out of thin air!
The puff of flame misses you.
You're too confused to move!
The adder bites you. Something hits you!
* * * LOW HITPOINT WARNING * * *
You feel your power leaking away.
You bump into the closed door.
The adder barely misses you. x2
You miss the adder. Your headbutt misses the adder.
You hear a zap.
A puff of flame appears from out of thin air!
The puff of flame hits you but does no damage.
The adder barely misses you.
You hear a zap.
A puff of flame appears from out of thin air!
The puff of flame hits you.
* * * LOW HITPOINT WARNING * * *
You feel less confused. The adder completely misses you.
You thump the adder!
You kill the adder!
You hear a zap.
A puff of flame appears from out of thin air!
The puff of flame hits you.
You die...

.#.# ...# #..# #..# #####
#..# # ......#..# .#
......#.{## #.#..
..........+#
.##.............@# ######
##....<.......>..# #....#
#................##.#.##.#
..... #.########.##.#.#
...# # #.##.#.# ..#
#.##.#.# .# #.##.#.# ## .#
#.##.#.# .## .# #.##.#.##


There were no monsters in sight!

Vanquished Creatures
  Terence (D:2)
  An adder (D:2)
  3 ball pythons
  2 bats (D:1)
  4 endoplasms
  A goblin (D:2)
  2 hobgoblins (D:1)
  A kobold (D:2)
  3 frilled lizards (D:1)
  A rat (D:2)
19 creatures vanquished.

Notes
Turn   | Place    | Note
-------+----------+-------------------------------------------
     0 | D:1      | blank1 the Minotaur Fighter began the quest for the Orb.
     0 | D:1      | Reached XP level 1. HP: 19/19 MP: 0/0
   490 | D:1      | Reached XP level 2. HP: 27/27 MP: 1/1
  1187 | D:2      | Noticed Terence
  1196 | D:2      | Killed Terence
  1197 | D:2      | Reached skill level 1 in Dodging
  1197 | D:2      | Reached XP level 3. HP: 33/33 MP: 2/2
  1277 | D:2      | Noticed Sigmund
  1291 | D:2      | Killed from afar by Sigmund

Illustrated notes

Levels and vault maps discovered:
D:1:      dpeg_arrival_radiant, layout_basic
D:2:      layout_basic, serial_shops, shop, kennysheep_pointless_box,
          minmay_parallelograms, minivault_5, uniq_terence, uniq_sigmund

Skill      XL: |  1  2 |
---------------+-------+-----
Fighting       | 4 |  4.0
Maces & Flails | 3 |  3.3
Armour         | 4 |  4.0
Dodging        | 1 |  1.3
Shields        | 4 |  4.0

Action                   || total
-------------------------++-------
Melee: Flail             ||    44
       Headbutt          ||     6
  Use: Potion            ||     1
Armor: Scale mail        ||    24
Dodge: Dodged            ||    24
Block: Buckler           ||     6

Table legend: (Time is in decaauts)
 A = Elapsed time spent in this place.
 B = Non-inter-level travel time spent in this place.
 C = Inter-level travel time spent in this place.
 D = Time resting spent in this place.
 E = Time spent auto-exploring this place.
 F = Levels seen in this place.
 G = Mean time per level.
                   A        B        C        D        E       F      G
               +--------+--------+--------+--------+--------+-----+--------+
         Total |   1302 |   1267 |     35 |      0 |   1116 |   2 |  651.0 |
       Dungeon |   1302 |   1267 |     35 |      0 |   1116 |   2 |  651.0 |
               +--------+--------+--------+--------+--------+-----+--------+

Top non-repeatable levels by time:
     D:1: 1138 daAuts
     D:2: 164 daAuts
